Map: Lerilak Crest

Players

mooglemk

  • Race: Terran Terran
  • League: Gold

CunningStunt - Winner!

  • Race: Protoss Protoss
  • League: Gold

VOD

Have the link to the VOD?

Description

Time

  • Played on: Sept. 6, 2015, 2:40 a.m.
  • Length: 11:42
Show
View Real Time Build Order
Export as new Build Order

mooglemk Terran 

Build Orders: MMM Bio 

Get SALT Encoding   

  12  0:00  SCV  
  13  0:13  SCV  
  14  0:20  Supply Depot  
  14  0:25  SCV  
  15  0:41  SCV  
  16  0:51  Barracks  
  16  0:54  SCV  
  17  1:06  SCV  
  18  1:17  Command Center  
  18  1:20  SCV  
  19  1:27  Refinery  
  19  1:38  Marine  
  20  1:45  Bunker  
  20  1:50  Orbital Command  
  20  1:56  Refinery  
  20  2:13  Barracks Reactor, Supply Depot  
  20  2:21  SCV  
  21  2:29  Orbital Command  
  21  2:35  SCV  
  22  2:45  Barracks  
  22  2:49  Marine x2  
  22  2:51  SCV  
  25  2:58  Orbital Command  
  25  3:02  Factory  
  25  3:08  SCV  
  25  3:09  Engineering Bay  
  25  3:12  Marine  
  27  3:14  Marine  
  28  3:21  SCV  
  29  3:34  Marine x2  
  29  3:36  Barracks Tech Lab  
  31  3:44  SCV x2  
  33  3:48  Factory Tech Lab  
  33  3:52  Marine x2  
  35  3:56  SCV x2  
  36  4:08  SCV, Bunker, Marauder  
  42  4:10  Siege Tank, Marine x2  
  44  4:18  SCV, Missile Turret  
  44  4:22  SCV  
  46  4:27  Missile Turret  
  46  4:33  Stimpack  
  48  4:38  Marauder  
  48  4:39  Terran Infantry Weapons Level 1, Supply Depot  
  48  4:44  Supply Depot  
  48  4:45  SCV  
  49  4:53  Starport  
  49  4:58  Barracks  
  49  5:00  Marine x2  
  49  5:01  Factory Reactor  
  51  5:10  Marine  
  51  5:13  SCV  
  53  5:16  SCV  
  53  5:18  Marine  
  55  5:23  Refinery  
  55  5:24  Refinery  
  55  5:25  SCV  
  56  5:28  SCV  
  56  5:29  Marauder  
  59  5:38  Command Center  
  59  5:44  Missile Turret, Starport Reactor  
  59  5:45  Widow Mine  
  59  5:47  Widow Mine  
  63  5:50  SCV, Marauder  
  63  5:52  SCV  
  67  5:57  Marine  
  67  5:58  Marauder  
  70  6:09  Missile Turret  
  70  6:22  Supply Depot  
  70  6:31  Supply Depot  
  70  6:33  Supply Depot  
  70  6:42  Terran Infantry Armor Level 1  
  70  6:44  SCV x2, Marauder x2, Marine x2  
  78  6:47  Armory  
  78  6:50  Medivac x2  
  82  6:56  Supply Depot  
  82  7:01  Marine  
  82  7:02  Marine  
  82  7:06  Marauder x2  
  88  7:19  Marine  
  88  7:20  Marine  
  90  7:27  Marauder x2  
  92  7:37  Marine  
  92  7:38  Marine  
  81  7:46  Planetary Fortress  
  81  7:48  Marauder x2  
  85  7:53  Widow Mine x2  
  85  7:55  SCV x2, Marine x2  
  93  8:02  Combat Shields  
  93  8:03  Engineering Bay  
  93  8:04  Concussive Shells  
  93  8:07  SCV  
  93  8:10  Marauder x2  
  98  8:13  Supply Depot, Marine x2  
  98  8:14  Supply Depot  
  93  8:30  Marine  
  93  8:31  Marauder, Marine x2  
  93  8:32  Medivac  
  93  8:33  Barracks, Medivac  
  102  8:35  Barracks  
  102  8:38  SCV x3  
  105  8:45  Terran Infantry Armor Level 2  
  105  8:48  Terran Infantry Weapons Level 2, Marine  
  105  8:49  Marauder  
  105  8:53  Marauder  
  105  8:54  SCV x3  
  113  9:02  Missile Turret, Medivac  
  113  9:03  Medivac  
  113  9:05  Marine  
  113  9:06  SCV x3, Marine  
  122  9:10  Marauder  
  124  9:18  Marine  
  124  9:23  Marine  
  126  9:24  Marine  
  127  9:32  Marauder  
  127  9:36  Barracks Tech Lab x2  
  127  9:37  Marauder  
  129  9:41  Ghost Academy, Marine  
  129  9:44  Refinery  
  130  9:46  SCV x2  
  130  9:47  Refinery, Missile Turret  
  130  9:49  Missile Turret  
  86  9:53  Marauder  
  86  9:54  Marauder, Marine  
  86  9:55  Marauder  
  86  9:58  Marine  
  86  9:59  Marine  
  60  10:12  Marine  
  53  10:14  Marauder  
  53  10:15  Marine  
  53  10:16  Marine, Marauder x2  
  56  10:30  Marine  
  56  10:34  Marine, Marauder  
  60  10:36  Marauder  
  60  10:37  Marauder  
  60  10:48  Marauder, Marine  
  57  10:52  Marine  
  57  10:54  Marine  
  59  10:59  Medivac  
Show
View Real Time Build Order
Export as new Build Order

CunningStunt Protoss - Winner!

Build Orders: 1 Gate Expand, Double Forge 

Get SALT Encoding   

  12  0:00  Probe (Chrono Boost)  
  13  0:10  Probe (Chrono Boost)  
  14  0:18  Pylon  
  14  0:21  Probe (Chrono Boost)  
  15  0:36  Probe (Chrono Boost)  
  15  0:38  Gateway  
  16  0:46  Probe (Chrono Boost)  
  17  0:56  Probe (Chrono Boost)  
  18  1:06  Probe (Chrono Boost)  
  19  1:16  Probe (Chrono Boost)  
  20  1:22  Nexus  
  20  1:27  Probe (Chrono Boost)  
  21  1:34  Cybernetics Core  
  21  1:37  Probe (Chrono Boost)  
  22  1:42  Assimilator  
  22  1:49  Probe (Chrono Boost)  
  22  1:50  Pylon  
  23  2:03  Assimilator  
  23  2:07  Probe (Chrono Boost)  
  24  2:17  Adept (Chrono Boost)  
  24  2:19  Probe  
  27  2:31  Probe  
  27  2:36  Probe  
  28  2:41  Adept (Chrono Boost)  
  28  2:43  Probe  
  32  2:44  Warp Gate  
  32  2:46  Probe  
  33  2:55  Probe  
  33  2:56  Probe  
  35  3:03  Robotics Facility  
  35  3:06  Probe (Chrono Boost)  
  35  3:07  Probe (Chrono Boost), Pylon  
  37  3:18  Probe (Chrono Boost)  
  37  3:19  Probe (Chrono Boost)  
  39  3:28  Mothership Core (Chrono Boost)  
  41  3:35  Probe (Chrono Boost)  
  42  3:45  Probe (Chrono Boost)  
  42  3:46  Probe (Chrono Boost)  
  44  3:56  Pylon  
  44  3:58  Assimilator  
  44  4:02  Assimilator  
  42  4:04  Probe x2 (Chrono Boost)  
  44  4:11  Gateway  
  44  4:12  Twilight Council  
  44  4:13  Immortal  
  44  4:14  Probe (Chrono Boost), Gateway  
  44  4:16  Pylon  
  49  4:22  Probe (Chrono Boost)  
  49  4:24  Probe (Chrono Boost)  
  51  4:33  Probe (Chrono Boost), Pylon  
  51  4:34  Probe (Chrono Boost)  
  53  4:47  Probe x2 (Chrono Boost)  
  53  4:49  Forge  
  53  4:51  Forge  
  56  4:53  Observer  
  56  4:55  Templar Archives  
  56  4:57  Probe (Chrono Boost)  
  57  5:00  Probe (Chrono Boost)  
  58  5:07  Probe (Chrono Boost)  
  58  5:10  Probe (Chrono Boost)  
  58  5:13  Warp Prism  
  62  5:22  Nexus, Protoss Ground Weapons Level 1  
  62  5:23  Probe x2 (Chrono Boost)  
  62  5:25  Protoss Ground Armor Level 1  
  64  5:30  Pylon  
  64  5:32  Shield Upgrade, Pylon  
  64  5:33  Probe x2 (Chrono Boost)  
  66  5:43  Probe x2 (Chrono Boost)  
  66  5:45  Psionic Storm  
  66  5:49  High Templar x2  
  72  5:53  Probe x2 (Chrono Boost)  
  74  5:58  Immortal  
  74  6:03  Pylon  
  78  6:08  Probe (Chrono Boost), Pylon  
  78  6:09  Probe (Chrono Boost)  
  78  6:10  Gateway  
  80  6:13  Pylon  
  80  6:16  Zealot  
  82  6:19  Probe x2 (Chrono Boost)  
  84  6:28  Gateway  
  84  6:30  Gateway, Probe (Chrono Boost)  
  84  6:31  Probe (Chrono Boost)  
  86  6:33  Gateway  
  86  6:35  Pylon  
  86  6:37  High Templar  
  86  6:38  High Templar  
  90  6:40  Zealot  
  90  6:44  Immortal  
  96  6:48  Probe x2 (Chrono Boost)  
  96  6:49  Probe (Chrono Boost)  
  96  6:51  Assimilator  
  99  6:58  Probe (Chrono Boost)  
  99  6:59  Probe (Chrono Boost)  
  99  7:00  Gateway  
  101  7:02  Probe (Chrono Boost)  
  101  7:04  Charge  
  101  7:06  Adept  
  104  7:09  Probe (Chrono Boost)  
  105  7:15  Protoss Ground Weapons Level 2 (Chrono Boost)  
  105  7:16  Assimilator  
  105  7:24  Observer  
  94  7:32  Probe  
  94  7:33  Probe  
  94  7:34  Probe  
  82  7:43  Probe x2  
  80  7:46  Probe  
  80  7:49  Immortal  
  85  7:53  Probe x2  
  87  7:59  Probe  
  87  8:04  High Templar x2  
  87  8:05  Zealot x4  
  94  8:06  Zealot  
  102  8:13  Probe  
  102  8:14  Probe  
  102  8:15  Probe  
  105  8:27  Probe x2  
  105  8:29  Probe  
  105  8:32  Protoss Ground Armor Level 2 (Chrono Boost)  
  108  8:35  High Templar  
  108  8:36  Zealot x5  
  108  8:37  Probe x2, Zealot  
  108  8:41  Probe  
  125  8:47  Probe  
  125  8:48  Probe  
  125  8:52  Immortal (Chrono Boost)  
  125  8:53  Probe  
  132  8:57  Probe  
  133  9:07  Pylon  
  133  9:10  Pylon  
  133  9:11  Pylon  
  133  9:12  Pylon x2  
  133  9:20  Pylon x2  
  133  9:23  Probe  
  133  9:25  Probe x2, Pylon  
  133  9:26  Adept x2  
  137  9:37  Zealot x6  
  124  9:55  Archon x2  
  124  9:59  Adept x3  
  118  10:00  Adept x5  
  120  10:17  Probe  
  120  10:19  Probe x2  
  123  10:27  Stalker  
  123  10:28  Stalker x5  
  135  10:38  Nexus  
  135  10:48  Gateway  
  135  10:49  Gateway x3, High Templar  
  137  10:50  High Templar  
  137  10:51  High Templar x2  
  137  10:52  High Templar x4  
  137  10:55  Archon x4  
  137  10:56  Archon  
  147  11:31  Adept x5  
  147  11:32  Adept x3  
  155  11:39  Gateway  
  151  11:40  Gateway  
Tags
 
Add a new tag
Caveats
  • Supply blocks, unpowered buildings, or Contaminate may cause inaccurate times.
  • Supply counts are checked every 10 seconds.